AoeStats
← Souk à Belettes

Lombardia

508062370Analyzed
2v2 RM · 11d ago on Sep 20, 2026· 52m 15s· 4 players
Game mode
Random Map
Map size
Medium (4 player)
Population
200
Speed
Normal
Resources
Standard
Victory
Conquest
Starting age
Dark Age
Ending age
Imperial Age
RankedLock teamsTeams togetherTeam positionsShared explorationLock speedFull tech treeHidden civsTurbo modeCheats
Victory
Defeat
🇦🇷 Wei · Argentina
1183
+13
🇦🇷 Mongols · Argentina
1131
+15
🇨🇭 Mongols · Switzerland
1174
-16
🇫🇷 Wu · France
1054
-12
Souk à Belettes
6:25 Loom
8:44 Feudal Age
9:37 Double-Bit Axe
18:22 Forging
18:08 Horse Collar
21:39 Castle Age
20:19 Forging
20:15 Scale Barding Armor
20:07 Gold Mining
22:13 Bloodlines
22:51 Bow Saw
25:49 Iron Casting
26:02 Heavy Plow
28:07 Husbandry
28:37 Chain Barding Armor
28:58 Fletching
30:44 Bodkin Arrow
32:40 Elite Skirmisher
35:35 Thumb Ring
44:31 Light Cavalry
47:04 Ballistics
49:22 Imperial Age
Delta3
7:42 Loom
10:45 Feudal Age
10:54 Man-at-Arms
11:56 Double-Bit Axe
17:31 Town Watch
20:18 Castle Age
18:35 Horse Collar
19:08 Forging
20:23 Pikeman
21:37 Scale Mail Armor
26:36 Gold Mining
28:06 Squires
28:37 Arson
31:51 Wheelbarrow
32:09 Bow Saw
31:23 Elite Skirmisher
31:58 Fletching
34:33 Bodkin Arrow
35:24 Ballistics
42:55 Iron Casting
47:34 Imperial Age
46:17 Chain Mail Armor
48:41 Conscription
48:53 Bracer
48:43 Long Swordsman
51:06 Blast Furnace
51:16 Two-Handed Swordsman
ElCidVuelve
6:26 Loom
10:10 Feudal Age
15:55 Castle Age
23:16 Double-Bit Axe
23:13 Horse Collar
24:41 Stone Mining
27:04 Stone Shaft Mining
26:46 Bow Saw
26:40 Heavy Plow
26:36 Gold Mining
32:19 Ballistics
32:10 Fletching
33:05 Wheelbarrow
33:34 Bodkin Arrow
33:41 Padded Archer Armor
34:43 Thumb Ring
37:19 Gold Shaft Mining
37:34 Leather Archer Armor
37:38 Bloodlines
37:29 Husbandry
47:51 Imperial Age
48:31 Elite Mangudai
49:15 Bracer
50:17 Chemistry
52:09 Hand Cart
Kerry Camilanga
7:02 Loom
9:47 Feudal Age
10:41 Double-Bit Axe
17:01 Horse Collar
18:51 Wheelbarrow
25:04 Castle Age
24:00 Fletching
24:11 Padded Archer Armor
24:38 Gold Mining
25:21 Bloodlines
25:53 Bodkin Arrow
26:25 Bow Saw
26:34 Town Watch
26:59 Husbandry
29:34 Ballistics
29:56 Hand Cart
31:24 Scale Mail Armor
31:42 Leather Archer Armor
31:38 Thumb Ring
32:50 Heavy Plow
33:55 Scale Barding Armor
37:41 Chain Barding Armor
40:53 Imperial Age
40:35 Light Cavalry
41:22 Heavy Hei Guang Cavalry
45:12 Parthian Tactics
45:22 Bracer
45:53 Ring Archer Armor
47:35 Conscription
49:42 Chemistry
50:08 Tuntian
50:36 Ming Guang Armor
51:35 Town Patrol
51:47 Forging
51:24 Hussar
Connection lost

Rejoining the realm…

Still unreachable

The connection could not be restored.

Session expired

The server has moved on; the page needs a fresh start.